 Dungeon Crawl Stone Soup version 0.17-a0-1404-gb8113a6 (webtiles) character file.

413 bal the Sneak (level 6, -1/32 HPs)
             Began as a Vine Stalker Assassin on June 21, 2015.
             Slain by a gnoll
             ... wielding a +0 halberd
              (6 damage)
             ... on level 5 of the Dungeon.
             The game lasted 00:15:11 (3190 turns).

bal the Sneak (Vine Stalker Assassin)               Turns: 3190, Time: 00:15:12

Health: -1/32      AC:  9    Str: 15    XL:     6   Next: 90%
Magic:  0/7        EV:  9    Int: 12    God:
Gold:   164        SH:  0    Dex: 15    Spells: 0 memorised, 5 levels left

rFire  . . .     SeeInvis .     a - +2 dagger
rCold  . . .     Clarity  .     t - +0 leather armour {rPois}
rNeg   . . .     SustAt   .     (no shield)
rPois  +         Gourm    .     o - +2 helmet
rElec  .         Spirit   +     d - +0 cloak
rCorr  .         Warding  .     (no gloves)
rMut   .         Stasis   .     B - +0 pair of boots
MR     .....                    (no amulet)
Stlth  +++.......               (no ring)
                                v - +4 ring of evasion

@: held, not resistant to hostile enchantments, fairly stealthy
A: fangs 2, hooves 1, regeneration 2, shaggy fur 1, wild magic 1, magic shield,
antimagic bite, no device heal 3, rot immunity
a: no special abilities


You were on level 5 of the Dungeon.
You were not hungry.

You visited 1 branch of the dungeon, and saw 5 of its levels.

You collected 164 gold pieces.

Inventory:

Hand weapons
 a - a +2 dagger (weapon)
 b - a +0 blowgun
 s - a +1 whip of venom
Missiles
 e - 16 poisoned needles
 f - 2 curare-tipped needles
 i - 4 needles of sleeping
 m - 83 sling bullets
 x - 2 tomahawks (quivered)
Armour
 d - a +0 cloak (worn)
 o - a +2 helmet (worn)
 q - a +2 ring mail of magic resistance
 t - a +0 leather armour of poison resistance (worn)
 B - a +0 pair of boots (worn)
Jewellery
 v - a +4 ring of evasion (left hand)
Magical devices
 l - a wand of magic darts (26)
 n - a wand of magic darts (33)
Scrolls
 h - 8 scrolls of teleportation
 j - 7 scrolls of identify
 r - a scroll of immolation {unknown}
 u - a scroll of recharging {unknown}
 w - a scroll of fog {unknown}
 y - a scroll of blinking {unknown}
Potions
 c - a potion of haste
 k - 3 potions of curing
 p - a potion of heal wounds {unknown}
 z - a potion of cancellation
 A - a potion of brilliance
Comestibles
 g - 2 bread rations


   Skills:
 + Level 3.0 Fighting
 + Level 2.3 Short Blades
 + Level 2.6 Throwing
 + Level 1.0 Armour
 + Level 3.3 Dodging
 + Level 6.6 Stealth


You had 5 spell levels left.
You didn't know any spells.

Dungeon Overview and Level Annotations

Branches:
Dungeon (5/15)
 Temple: D:4-7

Altars:
Vehumet

Shops:
D:4 *

Annotations:
D:4 bal's ghost, average DsGl


Innate Abilities, Weirdness & Mutations

You have extremely sharp teeth.
You heal very quickly.
When hurt, damage is shared between your health and your magic reserves.
Your bite disrupts and absorbs the magic of your enemies.
Potions and wands cannot restore your health.
You are immune to rotting.
You have large cloven feet.
You are covered in fur (AC +1).
Your spells are a little harder to cast, but a little more powerful.


Message History

The giant gecko is poisoned.
The gnoll barely misses you.
Firing (i - inventory. (,) - cycle):
e - 17 poisoned needles (quivered)
Press: ? - help, Shift-Dir - straight line, f/p - giant gecko
Aim: a giant gecko (poisoned)
You shoot a poisoned needle.
The poisoned needle barely misses the giant gecko.
The giant gecko barely misses you. The gnoll closely misses you.
The gnoll closely misses you.
The giant gecko bites you but does no damage.
a - a +2 dagger (weapon)
The gnoll closely misses you. The gnoll hits you but does no damage.
You try to slip out of the net.
The gnoll hits you from afar with a halberd!
The giant gecko barely misses you.
The gnoll hits you from afar with a halberd.
You try to slip out of the net.
The giant gecko closely misses you. The gnoll hits you with a club!
* * * LOW HITPOINT WARNING * * *
The gnoll hits you from afar with a halberd!
You die...

........ ##.##..##.
........ .#...(...#
#####.... ........
#.......(## #..##
........ #....(....##
#.## .......#
#....(...(.# #..#
......## #......>...##
#..# .....##
#..gg......# ..## ...###
#...gl.....# ... ..##
#### #..@....... ....
.## ###..## ##.........
## ###.....####.........
####....................
.............####.......
.............# #.....#
.............# #...##
..............# ####
.#.............#


You could see 3 gnolls and a giant gecko.

Vanquished Creatures
  2 scorpions
  A quasit (D:5)
  Ijyb (D:2)
  Jessica (D:2)
  Terence (D:2)
  A worker ant (D:5)
  2 hound skeletons (D:4)
  Robin (D:2)
  A gnoll (D:1)
  5 adders
  A worm (D:2)
  A giant gecko (D:3)
  9 bats
  7 giant cockroaches
  14 goblins
  8 hobgoblins
  5 jackals (D:1)
  4 ball pythons
  3 giant newts
  12 kobolds
  2 quokkas (D:2)
  8 rats
90 creatures vanquished.

Notes
Turn   | Place    | Note
--------------------------------------------------------------
     0 | D:1      | bal the Vine Stalker Assassin began the quest for the Orb.
     0 | D:1      | Reached XP level 1. HP: 11/11 MP: 2/2
    79 | D:1      | Reached skill level 5 in Stealth
   184 | D:1      | Reached XP level 2. HP: 15/15 MP: 3/3
   268 | D:1      | Reached skill level 1 in Dodging
   510 | D:1      | Reached XP level 3. HP: 13/18 MP: 4/4
   884 | D:2      | Noticed Robin
   993 | D:2      | Killed Robin
   993 | D:2      | Reached XP level 4. HP: 23/23 MP: 5/5
  1337 | D:2      | Noticed Jessica
  1394 | D:2      | Killed Jessica
  1394 | D:2      | Reached XP level 5. HP: 27/27 MP: 6/6
  1450 | D:2      | Gained mutation: Your spells are a little harder to cast, but a little more powerful. [potion of mutation]
  1450 | D:2      | Gained mutation: You have large cloven feet. [potion of mutation]
  1450 | D:2      | Gained mutation: You are covered in fur (AC +1). [potion of mutation]
  1466 | D:2      | Noticed Terence
  1466 | D:2      | Noticed Ijyb
  1481 | D:2      | Killed Terence
  1504 | D:2      | Killed Ijyb
  2144 | D:3      | Found a radiant altar of Vehumet.
  2261 | D:4      | Reached skill level 6 in Stealth
  2273 | D:4      | Gained mutation: You heal very quickly. [Vine Stalker growth]
  2273 | D:4      | Reached XP level 6. HP: 32/32 MP: 7/7
  2476 | D:4      | Found Jibboape's General Store.
  2686 | D:4      | Noticed bal's ghost (average DsGl)
  2766 | D:5      | Entered Level 5 of the Dungeon
  2990 | D:5      | Reached skill level 1 in Armour
  3190 | D:5      | Slain by a gnoll

Vault maps used:
D:1:      tarquinn_simple_flora_water_b
D:2:      uniq_jessica, uniq_robin, uniq_terence, uniq_iyjb
D:3:      vehumet_altar_wand_db, minivault_25
D:4:      serial_shops, shop
D:5:      first_bread

Action                   |  1- 3 |  4- 6 || total
-------------------------+-------+-------++-------
Melee: Dagger            |   129 |   153 ||   282
 Fire: Blowgun           |    10 |    33 ||    43
Throw: Tomahawk          |       |     5 ||     5
  Use: Potion            |       |     7 ||     7
       Scroll            |       |     7 ||     7
 Stab: Sleeping          |     4 |    15 ||    19
       Distracted        |       |     1 ||     1
  Eat: Chunk             |       |     2 ||     2
       Fruit             |       |     3 ||     3
       Bread ration      |       |     1 ||     1
